 Dungeon Crawl Stone Soup version 0.31-a0-631-g285b096dc4 (webtiles) character file.

Game seed: 12992397271614132709

149 MackTheKnife the Chiller (level 5, -3/29 HPs)
             Began as a Deep Elf Wanderer on Aug 27, 2023.
             Slain by a gnoll
             ... wielding a +0 halberd
              (11 damage)
             ... on level 3 of the Dungeon.
             The game lasted 00:04:23 (2053 turns).

MackTheKnife the Chiller (Deep Elf Wanderer)        Turns: 2053, Time: 00:04:23

Health: -3/29      AC:  9    Str:  6    XL:     5   Next: 9%
Magic:  12/14      EV: 10    Int: 22    God:
Gold:   164        SH:  0    Dex: 18    Spells: 5/13 levels left

rFire   + + +        f - +2 dagger (protect) {short}
rCold   + . .        (no shield)
rNeg    . . .        i - +5 leather armour "Nogh" {rF++ Int+4}
rPois   .            (no helmet)
rElec   .            k - scarf {rC+ rF+}
rCorr   .            b - +0 pair of gloves
SInv    .            (no boots)
Will    .....        (no amulet)
Stlth   ++           (no ring)
HPRegen 0.24/turn    (no ring)
MPRegen 0.14/turn

%: no passive effects
@: no status effects
A: no striking features
a: no special abilities


You were on level 3 of the Dungeon.
You visited 1 branch of the dungeon, and saw 3 of its levels.

You collected 164 gold pieces.


   Skills:
 - Level 1.0 Fighting
 - Level 1.0 Staves
 - Level 1.0 Armour
 - Level 1.2 Stealth
 + Level 4.7 Spellcasting
 + Level 0.4 Summonings
 + Level 5.8 Ice Magic
 - Level 1.1 Evocations


You had 5 spell levels left.
You knew the following spells:

 Your Spells              Type           Power      Damage    Failure   Level
a - Freeze                Ice            100%       1d10      1%          1
b - Frozen Ramparts       Ice            60%        1d10      4%          3
c - Summon Ice Beast      Ice/Summ       19%        N/A       41%         4

Your spell library contained the following spells:

 Spells                   Type           Power      Damage    Failure   Level


Inventory:

Hand Weapons
 a - a +0 quarterstaff {staff}
 f - a +2 dagger of protection (weapon) {short}
   (You took it off a goblin on level 1 of the Dungeon)
Armour
 b - a +0 pair of gloves (worn)
 i - the +5 leather armour "Nogh" (worn) {rF++ Int+4}
   (You found it on level 2 of the Dungeon)

   Int+4:     It affects your intelligence (+4).
   rF++:      It greatly protects you from fire.
 k - a scarf of resistance (worn)
   (You found it on level 2 of the Dungeon)
Scrolls
 d - a scroll of summoning {unknown}
 e - 2 scrolls of identify {unknown}
 g - 2 scrolls of brand weapon {unknown}
Potions
 c - 2 potions of lignification {!q}
 h - a potion of cancellation {unknown}
 j - 2 potions of brilliance {unknown}
 l - a potion of curing {unknown}

Dungeon Overview and Level Annotations

Branches:
Dungeon (3/15) Zot: 15942

Altars:
Ashenzari
Sif Muna

Annotations:
D:3 Grinder

#. ..#.# #....##'###.
#. #.#.# ##........#.
$.#.#.# #........#.
.#.#.######........#.
..g......'........#. #
#)#.###.##........#.
#..#g#.###.##........#(
#..........###'###+###.
#..#.#@###.# #.# #.# #.
# #.#.###.###.###.# #.
#†#.............###.
#.####.............. ..
#......#.#######. ##
#......#.........
#......#.#####...
#......#.# ##.#.
#......#.####..#.


You could see 2 gnolls.


Message History

😎 MP[+1]
A quokka is nearby! 😎 MP[+1]
Your mp is fully restored (12).
What are your orders? t - Shout!
Orders for allies: a - Attack new target. r - Retreat! s - Stop attacking. g - Guard the area. f - Follow me.
Anything else - Cancel.
You shout for attention!
You hear an angry hiss.
Casting: Frozen Ramparts (quite dangerous; 4% risk of failure)
Confirm with . or Enter, or press ? or * to list all spells.
Okay, then.
Casting: Frozen Ramparts (quite dangerous; 4% risk of failure)
Confirm with . or Enter, or press ? or * to list all spells.
Casting: Frozen Ramparts (quite dangerous; 4% risk of failure)
Press: ? - help, Dir - look around, f - activate The walls around you are covered in ice.
The wall freezes the ball python.
You kill the ball python!
The wall freezes the quokka.
The quokka bites you. 😕 HP[-2] MP[-3]
You take 2 damage, and now have 23/25 hp.
You lost 3 mp, and now have 9/12 mp.
The wall freezes the quokka.
The quokka closely misses you.
The wall freezes the quokka!
You kill the quokka!
You have reached level 5! 😕 HP[+4] MP[+1]
You now have 29 max hp (+4).
You regained 4 hp, and now have 27/29 hp.
The frozen ramparts melt away.
Key pressed, stopping explore.
You see here 3 stones {throwing}.
Key pressed, stopping explore.
Unknown command. 😎 HP[+2] MP[+4]
Your hp is fully restored (29).
Your mp is fully restored (14).
You now have 164 gold pieces (gained 6).
Found a stone staircase leading down.
You open the door.
There is an open door here.
Key pressed, stopping explore.
You open the door.
There is an open door here.
l - a pink potion As you open the door, it creaks loudly!
You open the door.
There is an open door here.
Key pressed, stopping explore.
A gnoll comes into view. It is wielding a +0 halberd.
A gnoll is nearby!
A gnoll is nearby!
A gnoll is nearby!
A gnoll comes into view. It is wielding a +0 halberd.
The gnoll shouts!
A gnoll comes into view. It is wielding a +0 spear.
A ball python comes into view.
The ball python hisses angrily.
Casting: Frozen Ramparts (quite dangerous; 4% risk of failure)
Confirm with . or Enter, or press ? or * to list all spells.
Casting: Frozen Ramparts (quite dangerous; 4% risk of failure)
Press: ? - help, Dir - look around, f - activate The walls around you are covered in ice.
The gnoll shouts!
The wall freezes the gnoll!
The gnoll hits you but does no damage. 😎 MP[-3]
You lost 3 mp, and now have 11/14 mp.
The wall freezes the ball python.
You kill the ball python!
The wall freezes the gnoll but does no damage.
The gnoll barely misses you.
The wall freezes the gnoll.
The gnoll barely misses you.
A hobgoblin comes into view.
The wall freezes the gnoll but does no damage.
The gnoll closely misses you.
The wall freezes the gnoll.
You kill the gnoll!
The wall freezes the gnoll.
The wall freezes the gnoll.
The wall freezes the gnoll but does no damage.
The gnoll hits you from afar with a +0 halberd! 😮 HP[-10]
You take 10 damage, and now have 19/29 hp.
MASSIVE DAMAGE!! (PAUSE)
The wall freezes the gnoll!
The wall freezes the gnoll.
The gnoll closely misses you. 😮 MP[+1]
The wall freezes the gnoll.
The gnoll hits you from afar with a +0 halberd!
* * * LOW HITPOINT WARNING * * *
😱 HP[-12]
You take 12 damage, and now have 7/29 hp.
MASSIVE DAMAGE!! (PAUSE)
The frozen ramparts melt away.
The gnoll closely misses you. 😨 HP[+1]
The gnoll attacks as it pursues you!
The gnoll hits you from afar with a +0 halberd!
You die...

Skill      XL: |  1  2  3  4 |
---------------+-------------+-----
Spellcasting   | 2 3 4 |  4.7
Ice Magic      | 5 |  5.8
Fighting       | |  1.0
Staves         | |  1.0
Armour         | |  1.0
Stealth        | |  1.2
Summonings     | |  0.4
Evocations     | |  1.1

Action                     |  1- 3 |  4- 6 || total
---------------------------+-------+-------++-------
  Melee: Quarterstaff      |    11 |       ||    11
         Dagger            |    48 |     6 ||    54
   Cast: Freeze            |    38 |    14 ||    52
         Frozen Ramparts   |     4 |     4 ||     8
   Stab: Sleeping          |     2 |       ||     2
 Armour: Robe              |    15 |       ||    15
         Leather armour    |    21 |     6 ||    27
  Dodge: Dodged            |    40 |    14 ||    54

Levels and vault maps discovered:
D:1:      ebering_trefoil_twist, layout_loops_ring,
          chequers_hall_statues_wall_a, minmay_ruptured
D:2:      layout_rooms, guppyfry_early_orc_mine
D:3:      wad_lake_hut, layout_basic, ashenzari_conservatory_becter,
          old_standard_altar, uniq_grinder

Notes
Turn   | Place    | Note
-------+----------+-------------------------------------------
     0 | D:1      | MackTheKnife the Deep Elf Wanderer began the quest for the
                  | Orb.
     0 | D:1      | MackTheKnife set off with the following items: a +0
                  | quarterstaff {staff}, a +0 pair of gloves, a potion of
                  | lignification {!q}, a +0 robe; and the following spell
                  | memorised: Freeze; and the following spells available to
                  | memorise: Frozen Ramparts, Summon Ice Beast.
     0 | D:1      | Reached XP level 1. HP: 12/12 MP: 5/5
     0 | D:1      | magus.rc [v1.9.6]
    32 | D:1      | Reached skill level 2 in Spellcasting
   161 | D:1      | Reached XP level 2. HP: 13/16 MP: 5/7
   652 | D:1      | Reached skill level 3 in Spellcasting
   672 | D:1      | Reached XP level 3. HP: 20/20 MP: 2/9
   680 | D:1      | Reached skill level 5 in Ice Magic
   991 | D:2      | Learned a level 3 spell: Frozen Ramparts
  1023 | D:2      | Identified the +5 leather armour "Nogh" {rF++ Int+4}
  1382 | D:2      | Reached XP level 4. HP: 25/25 MP: 9/11
  1387 | D:2      | Learned a level 4 spell: Summon Ice Beast
  1569 | D:2      | Reached skill level 4 in Spellcasting
  1761 | D:3      | Found a shimmering blue altar of Sif Muna.
  1762 | D:3      | Noticed Grinder
  1855 | D:3      | Found a broken altar of Ashenzari.
  1921 | D:3      | Reached XP level 5. HP: 27/29 MP: 10/14
  2051 | D:3      | HP: 7/29 [gnoll/+0 halberd (12)]
  2053 | D:3      | Slain by a gnoll

Vanquished Creatures
  5 gnolls (D:3)
  2 adders (D:2)
  A dart slug (D:1)
  7 orcs
  5 ball pythons
  6 endoplasms
  9 goblins
  8 hobgoblins
  3 jackals (D:2)
  5 kobolds (D:1)
  4 quokkas
  4 bats
  9 rats
68 creatures vanquished.

Vanquished Creatures (others)
  A bat (D:1)
1 creature vanquished.

Grand Total: 69 creatures vanquished

Table legend:
 A = Non-vault XP
 B = Vault XP
 C = Vault XP percentage of total XP
 D = Non-vault monster count
 E = Vault monster count
 F = Vault count percentage of total count
                 A         B        C        D         E       F
            +---------+---------+-------+---------+---------+-------
      Total |     194 |      19 |   8.9 |      60 |       8 |  11.8
            +---------+---------+-------+---------+---------+-------
        D:1 |      42 |       2 |   4.5 |      25 |       1 |   3.8
        D:2 |      64 |      17 |  21.0 |      23 |       7 |  23.3
        D:3 |      88 |       0 |   0.0 |      12 |       0 |   0.0
            +---------+---------+-------+---------+---------+-------

Skill      XL: |  1  2  3  4 |
---------------+-------------+-----
Spellcasting   | 2 3 4 |  4.7
Ice Magic      | 5 |  5.8
Fighting       | |  1.0
Staves         | |  1.0
Armour         | |  1.0
Stealth        | |  1.2
Summonings     | |  0.4
Evocations     | |  1.1

Action                     |  1- 3 |  4- 6 || total
---------------------------+-------+-------++-------
  Melee: Quarterstaff      |    11 |       ||    11
         Dagger            |    48 |     6 ||    54
   Cast: Freeze            |    38 |    14 ||    52
         Frozen Ramparts   |     4 |     4 ||     8
   Stab: Sleeping          |     2 |       ||     2
 Armour: Robe              |    15 |       ||    15
         Leather armour    |    21 |     6 ||    27
  Dodge: Dodged            |    40 |    14 ||    54

Illustrated notes

Table legend:
 A = Kills in this place as a percentage of kills in the entire game.
 B = Kills by you in this place as a percentage of kills by you in the entire game.
 C = Kills by friends in this place as a percentage of kills by friends in the entire game.
 D = Other kills in this place as a percentage of other kills in the entire game.
 E = Experience gained in this place as a percentage of experience gained in the entire game.
 F = Experience gained in this place divided by the number of levels of this place that you have seen.
                   A       B       C       D       E      F
               +-------+-------+-------+-------+-------+----------------------
         Total | 100.0 | 100.0 |   N/A |   N/A | 100.0 |  71.0
       Dungeon | 100.0 | 100.0 |   N/A |   N/A | 100.0 |  71.0
               +-------+-------+-------+-------+-------+----------------------

Table legend: (Time is in decaauts)
 A = Elapsed time spent in this place.
 B = Non-inter-level travel time spent in this place.
 C = Inter-level travel time spent in this place.
 D = Time resting spent in this place.
 E = Time spent auto-exploring this place.
 F = Levels seen in this place.
 G = Mean time per level.
                   A        B        C        D        E       F      G
               +--------+--------+--------+--------+--------+-----+--------+
         Total |   2056 |   1970 |     86 |    187 |   1350 |   3 |  685.3 |
       Dungeon |   2056 |   1970 |     86 |    187 |   1350 |   3 |  685.3 |
               +--------+--------+--------+--------+--------+-----+--------+

Top non-repeatable levels by time:
     D:1: 989 daAuts
     D:2: 804 daAuts
     D:3: 262 daAuts
